 Dungeon Crawl Stone Soup version 0.23.2-1-ga50397a6bc (webtiles) character file.

Game seed: 12065418600534284279

90460 Marnok the Peltast (level 15, 0/139 HPs)
             Began as a Minotaur Fighter on Apr 19, 2019.
             Was the Champion of Okawaru.
             Killed from afar by a deep elf mage (7 damage)
             ... with a bolt of lightning
             ... on level 1 of the Elven Halls.
             The game lasted 01:17:42 (20620 turns).

Marnok the Peltast (Minotaur Fighter)              Turns: 20620, Time: 01:17:43

Health: 0/139      AC: 18    Str: 28    XL:     15   Next: 52%
Magic:  15/15      EV: 15    Int:  8    God:    Okawaru [******]
Gold:   752        SH: 17    Dex: 13    Spells: 14/14 levels left

rFire    + + .     SeeInvis +   V - +6 demon trident "Xemmufy" {pierce, Str+2}
rCold    + + +     Gourm    +   c - +2 shield
rNeg     . . .     Faith    .   Y - +6 scale mail {MR+}
rPois    +         Spirit   .   H - +0 mask of the Dragon {MR+ Slay+3 SInv}
rElec    +         Reflect  .   S - scarf {rC+ rF+}
rCorr    +         Harm     .   s - +0 pair of gloves of Dogmatism {rElec}
MR       +++..     Rnd*Tele +   (no boots)
Stlth    +.........             q - amulet of the gourmand
HPRegen  0.33/turn              b - ring of the Octopus King {rC+ AC+1 EV+1 Str+1 Int+1 Dex+1}
MPRegen  0.14/turn              J - ring "Neicvoes" {*Tele Int+2 Slay+6}

@: lethally poisoned (0 -> -1), resistant
A: retaliatory headbutt, horns 2
a: Heroism, Finesse, Renounce Religion


You were on level 1 of the Elven Halls.
You worshipped Okawaru.
Okawaru was exalted by your worship.
You were very full.

You visited 3 branches of the dungeon, and saw 18 of its levels.
You also visited: Gauntlet and Ice Cave.

You collected 1895 gold pieces.
You spent 1143 gold pieces at shops.

Inventory:

Hand Weapons
 h - a +2 halberd of venom
 C - the +5 trident of the Red Skies {freeze, rF- Int+6}
   (You found it in a Gauntlet)

   It has been specially enchanted to freeze those struck by it, causing extra
   injury to most foes and up to half again as much damage against particularly
   susceptible opponents.
   It can also slow down cold-blooded creatures.
   It affects your intelligence (+6).
   It makes you vulnerable to fire.
 D - a +2 trident of piercing
 P - the cursed +0 halberd "Imunamet" {chop, rN+++ MR- Stlth+, unknown}
   (You found it in an ice cave)

   It inflicts extra damage upon your enemies.
   It renders you almost immune to negative energy.
   It affects your resistance to hostile enchantments.
   It makes you more stealthy.
   It has a curse placed upon it.
 V - the +6 demon trident "Xemmufy" (weapon) {pierce, Str+2}
   (Okawaru gifted it to you on level 11 of the Dungeon)

   It inflicts extra damage upon your enemies.
   It affects your strength (+2).
Missiles
 y - 6 silver javelins
 O - 14 poisoned javelins (quivered)
Armour
 c - a +2 shield (worn)
 l - the +6 scale mail "Vocoil" {rN+ Regen+ rCorr Int-3, unknown}
   (Okawaru gifted it to you on level 1 of the Elven Halls)

   It affects your intelligence (-3).
   It protects you from negative energy.
   It increases your rate of regeneration.
   It provides partial protection from all sources of acid and corrosion.
 s - the +0 pair of gloves of Dogmatism (worn) {rElec}
   (Okawaru gifted it to you in an ice cave)

   It insulates you from electricity.
 w - the +2 cloak of Minor Irritation {Dex+2}
   (You found it in a Gauntlet)

   It affects your dexterity (+2).
 H - the +0 mask of the Dragon (worn) {MR+ Slay+3 SInv}
   (Okawaru gifted it to you on level 9 of the Dungeon)

   It affects your accuracy and damage with ranged weapons and melee attacks
   (+3).
   It affects your resistance to hostile enchantments.
   It lets you see invisible.
 S - a scarf of resistance (worn)
 Y - a +6 scale mail of magic resistance (worn)
Jewellery
 a - an uncursed amulet of guardian spirit
 b - a ring of the Octopus King (left hand) {rC+ AC+1 EV+1 Str+1 Int+1 Dex+1}
   (You bought it in a shop on level 4 of the Dungeon)

   [ring of protection from cold]

   It affects your AC (+1).
   It affects your evasion (+1).
   It affects your strength (+1).
   It affects your intelligence (+1).
   It affects your dexterity (+1).
   It protects you from cold.
 i - an uncursed amulet of faith
 q - an amulet of the gourmand (around neck)
 v - an uncursed ring of protection from cold
 J - the ring "Neicvoes" (right hand) {*Tele Int+2 Slay+6}
   (You found it on level 9 of the Dungeon)

   [ring of teleportation]

   It may teleport you next to monsters.
   It affects your intelligence (+2).
   It affects your accuracy and damage with ranged weapons and melee attacks
   (+6).
 N - an uncursed ring of poison resistance
Wands
 g - a wand of flame (18)
 r - a wand of clouds (12)
 t - a wand of disintegration (19)
 z - a wand of iceblast (26)
 B - a wand of digging (9)
 E - a wand of paralysis (14)
 Q - a wand of polymorph (12)
 X - a wand of random effects (21)
Scrolls
 e - 4 scrolls of amnesia
 k - 5 scrolls of teleportation
 m - 4 scrolls of blinking
 n - 3 scrolls of noise
 o - 3 scrolls of enchant armour
 u - 4 scrolls of remove curse
 F - a scroll of summoning
 G - 3 scrolls of fog
 I - a scroll of magic mapping
 K - a scroll of fear
 L - 3 scrolls of random uselessness
 T - a scroll of immolation
Potions
 R - a potion of degeneration
 U - a potion of agility
Miscellaneous
 A - a lamp of fire
 Z - a crystal ball of energy
Comestibles
 f - 34 rations


   Skills:
 + Level 14.9 Fighting
 + Level 17.1 Polearms
 + Level 13.2 Armour
 + Level 7.4 Dodging
 + Level 2.5 Stealth
 + Level 17.3 Shields
 + Level 2.4 Invocations


You had 14 spell levels left.
You didn't know any spells.
Your spell library contained the following spells:

 Spells                   Type           Power        Failure   Level  Hunger
 Confusing Touch          Hex            #.....       61%         1    ##.....
 Infusion                 Chrm           #...         61%         1    ##.....
 Sting                    Conj/Pois      #...         61%         1    ##.....
 Poisonous Vapours        Pois/Air       #.....       75%         2    ###....
 Shroud of Golubria       Chrm/Tloc      #.........   75%         2    ###....
 Song of Slaying          Chrm           #.......     75%         2    ###....
 Confuse                  Hex            #.......     93%         3    ####...
 Gell's Gravitas          Tloc           #.........   93%         3    ####...
 Ignite Poison            Fire/Tmut/Pois #.......     93%         3    ####...
 Mephitic Cloud           Conj/Pois/Air  #.......     93%         3    ####...
 Portal Projectile        Hex/Tloc       #.....       93%         3    ####...
 Regeneration             Chrm/Necr      #.........   93%         3    ####...
 Spectral Weapon          Hex/Chrm       #.......     93%         3    ####...
 Force Lance              Conj/Tloc      #.......     100%        4    #####..
 Olgreb's Toxic Radiance  Pois           #.......     100%        4    #####..
 Petrify                  Tmut/Erth      #.......     100%        4    #####..
 Fireball                 Conj/Fire      #.........   100%        5    ######.
 Metabolic Englaciation   Hex/Ice        #.........   100%        5    ######.
 Venom Bolt               Conj/Pois      #.........   100%        5    ######.
 Yara's Violent Unravell  Hex/Tmut       #.........   100%        5    ######.
 Bolt of Fire             Conj/Fire      #.........   100%        6    #######
 Dispersal                Tloc           #.........   100%        6    #######
 Ring of Flames           Chrm/Fire      #.........   100%        7    #######
 Controlled Blink         Tloc           N/A          100%        8    #######
 Disjunction              Tloc           #.........   100%        8    #######
 Ignition                 Fire           #.........   100%        8    #######


Dungeon Overview and Level Annotations

Branches:
Dungeon (15/15)            Temple (0/1) D:4            Lair (0/6) D:10
    Orc (2/2) D:12            Elf (1/3) Orc:2        Vaults (0/5) D:14
 Depths (0/5) D:15

Altars:
Dithmenos
Elyvilon
Hepliaklqana
Nemelex Xobeh
Okawaru
Qazlal
Sif Muna
Trog
Uskayaw
Vehumet
Wu Jian
Xom

Shops:
D:4 =   D:7 *   Orc:2 **=*

Annotations:
D:11 Sonja


Innate Abilities, Weirdness & Mutations

You reflexively headbutt those who attack you in melee.
You have a pair of horns on your head.


Message History

Okay, then.
Blink to where?
Press: ? - help, Dir - move target cursor You are very lightly contaminated with residual magic.
As you read the scroll of blinking, it crumbles to dust.
You feel sick.
You feel sick.
A deep elf archer is nearby!
You feel sick.
You feel magically purged.
Your magical contamination has completely faded away.
You feel protected.
You feel sick.
The deep elf archer unwields a +2 short sword of venom.
It stops dripping with poison.
The deep elf archer wields a +0 shortbow.
The deep elf archer shoots an arrow.
You block the arrow.
The deep elf mage points at you and mumbles some strange words.
The bolt of lightning hits you! You resist.
You die...

#.........#.#####..##..
#.ยง#e.. .... ###e#e..
#..# #....# #..# .....#
#.. #.##.# #. #.##.####
#.##(..## #.@....#
###...## #####


You could see a deep elf mage.

Vanquished Creatures
  Gastronok (D:10)
  Frances (D:13)
  A minotaur (Gauntlet)
  A dire elephant (D:15)
  Josephine (D:11)
  A rakshasa (D:9)
  4 ogre magi (Orc:2)
  5 hydras
  Fannar (D:11)
  5 centaur warriors
  5 death knights
  2 dancing weapons (Elf:1)
  20 two-headed ogres
  2 tengu warriors
  A death scarab (Gauntlet)
  Urug (D:11)
  2 thrashing horrors (Gauntlet)
  A deep elf knight (Elf:1)
  6 skeletal warriors
  4 unseen horrors
  A deep troll (D:14)
  A wizard (Gauntlet)
  2 deep elf archers (Elf:1)
  A phantasmal warrior (D:11)
  3 orc knights
  A necromancer (IceCv)
  A wolf spider (D:15)
  An orc sorcerer (Orc:2)
  7 ugly things
  An orb spider (shapeshifter) (D:15)
  5 cyclopes
  11 deep elf magi (Elf:1)
  3 manticores
  3 centaur zombies
  3 gargoyles
  7 centaur skeletons
  Joseph (D:7)
  2 ice statues (IceCv)
  A kobold demonologist (D:14)
  An efreet (D:15)
  2 freezing wraiths
  A komodo dragon (shapeshifter) (D:14)
  A tengu conjurer (D:14)
  10 ice devils
  5 trolls
  A queen bee (shapeshifter) (D:13)
  3 meliai (D:14)
  Grinder (D:5)
  4 hippogriffs
  A hornet (D:14)
  10 slime creatures
  An air elemental (Elf:1)
  6 wraiths
  2 shadows
  2 vampires
  A wyvern (D:13)
  A fire elemental (Elf:1)
  11 yaks
  A water elemental (Elf:1)
  4 hungry ghosts
  12 vampire mosquitoes
  A soldier ant (shapeshifter) (D:13)
  3 wargs
  Menkaure (D:6)
  A soldier ant (D:15)
  3 acid dragons
  A water moccasin (D:6)
  Duvessa (D:7)
  10 orc warriors
  A spectral torpor snail (Gauntlet)
  4 sky beasts
  5 ice beasts
  A hornet zombie (D:14)
  6 phantoms
  2 black bears
  An eye of draining (D:13)
  2 necrophages
  33 ogres
  24 centaurs
  13 bullfrogs
  4 big kobolds
  Dowan (D:7)
  A water moccasin zombie (D:6)
  2 wyvern skeletons
  4 scorpions
  A troll zombie (D:12)
  5 wights
  5 killer bees
  6 howler monkeys
  12 crimson imps
  A draconian simulacrum (IceCv)
  A bullfrog zombie (D:7)
  7 hounds
  4 jellies
  7 orc wizards
  3 orc priests
  2 bullfrog skeletons (D:5)
  A gnoll shaman (D:5)
  3 iguanas
  9 worker ants
  2 troll simulacra (IceCv)
  2 killer bee zombies
  3 small abominations (Gauntlet)
  2 centaur simulacra (IceCv)
  7 ogre zombies (D:12)
  A hound zombie (D:10)
  2 hound skeletons
  A worker ant zombie (D:11)
  14 gnolls
  14 adders
  3 naga simulacra (IceCv)
  2 ogre simulacra (IceCv)
  2 shadow imps
  2 white imps (Gauntlet)
  4 oozes
  An adder zombie (D:6)
  A dart slug (D:4)
  7 leopard geckos
  39 orcs
  6 giant cockroaches
  6 goblins
  11 hobgoblins
  23 jackals
  36 kobolds
  4 quokkas
  3 bats (D:3)
  5 frilled lizards
  2 goblin skeletons (D:12)
  4 goblin zombies (D:12)
  2 hobgoblin skeletons (D:12)
  A jackal zombie (D:6)
  2 leopard gecko skeletons (D:4)
  2 orc skeletons (D:12)
  15 orc zombies (D:12)
  A quokka zombie (D:8)
  5 rats
630 creatures vanquished.

Vanquished Creatures (others)
  A jelly (D:7)
  An orc (D:7)
  A giant cockroach (D:7)
  A quokka (D:7)
  5 fungi (Gauntlet)
  4 plants (Gauntlet)
13 creatures vanquished.

Grand Total: 643 creatures vanquished

Notes
Turn   | Place    | Note
-------+----------+-------------------------------------------
     0 | D:1      | Marnok the Minotaur Fighter began the quest for the Orb.
     0 | D:1      | Reached XP level 1. HP: 19/19 MP: 0/0
    81 | D:1      | Reached XP level 2. HP: 22/27 MP: 1/1
   264 | D:1      | Reached XP level 3. HP: 28/33 MP: 2/2
   639 | D:1      | Found an iron altar of Okawaru.
   650 | D:1      | Became a worshipper of Warmaster Okawaru
  1165 | D:2      | Reached XP level 4. HP: 36/41 MP: 3/3
  1452 | D:3      | Found a hide-covered altar of Uskayaw.
  1912 | D:3      | Reached XP level 5. HP: 36/47 MP: 4/4
  2290 | D:3      | Reached skill level 1 in Dodging
  2503 | D:4      | Noticed a phantom
  2526 | D:4      | Killed a phantom
  2526 | D:4      | Reached skill level 5 in Armour
  2526 | D:4      | Reached skill level 5 in Shields
  2637 | D:4      | Found a staircase to the Ecumenical Temple.
  2645 | D:4      | Reached XP level 6. HP: 50/53 MP: 5/5
  2749 | D:4      | Reached * piety under Okawaru
  2787 | D:4      | Reached skill level 5 in Polearms
  2904 | D:4      | Found an ornate altar of the Wu Jian Council.
  2985 | D:4      | Found Istral's Jewellery Emporium.
  3429 | D:5      | Entered Level 5 of the Dungeon
  3432 | D:5      | Reached XP level 7. HP: 60/60 MP: 6/6
  3481 | D:5      | Reached skill level 5 in Fighting
  3652 | D:5      | Noticed Grinder
  3665 | D:5      | Paralysed by Grinder for 6 turns
  3678 | D:5      | Killed Grinder
  3678 | D:5      | Reached ** piety under Okawaru
  4015 | D:5      | Found a deep blue altar of Sif Muna.
  4063 | D:5      | Reached XP level 8. HP: 42/69 MP: 7/7
  4485 | D:6      | Noticed Menkaure
  4501 | D:6      | Killed Menkaure
  4788 | D:6      | Reached *** piety under Okawaru
  5109 | D:6      | Reached XP level 9. HP: 73/75 MP: 5/8
  5266 | D:6      | Found a sparkling altar of Nemelex Xobeh.
  5601 | D:6      | Found a shimmering altar of Xom.
  5603 | D:6      | Found a sparkling altar of Nemelex Xobeh.
  5883 | D:7      | Reached **** piety under Okawaru
  6165 | D:7      | Found a shimmering altar of Xom.
  6198 | D:7      | Found Jamuyn's General Store.
  6209 | D:7      | Bought a potion of heal wounds for 70 gold pieces
  6323 | D:7      | Noticed Duvessa
  6323 | D:7      | Noticed Dowan
  6336 | D:7      | Killed Duvessa
  6341 | D:7      | Killed Dowan
  6608 | D:7      | Noticed Joseph
  6628 | D:7      | Killed Joseph
  6628 | D:7      | Reached skill level 10 in Polearms
  7650 | D:8      | Reached ***** piety under Okawaru
  7650 | D:8      | Reached XP level 10. HP: 84/86 MP: 6/9
  7982 | D:8      | Found a stormy altar of Qazlal.
  8636 | D:9      | Found a bloodstained altar of Trog.
  8644 | D:9      | Found a white marble altar of Elyvilon.
  8707 | D:9      | Noticed a death knight
  8720 | D:9      | Killed a death knight
  8720 | D:9      | Reached skill level 10 in Shields
  8872 | D:9      | Noticed a two-headed ogre
  8882 | D:9      | Killed a two-headed ogre
  8882 | D:9      | Received a gift from Okawaru
  8882 | D:9      | Reached skill level 1 in Invocations
  8883 | D:9      | Found the +0 mask of the Dragon {MR+ Slay+3 SInv}
  9149 | D:9      | Got a warped turquoise ring
  9149 | D:9      | Noticed a rakshasa
  9179 | D:9      | Killed a rakshasa
  9179 | D:9      | Reached XP level 11. HP: 87/94 MP: 10/10
  9283 | D:9      | Noticed a two-headed ogre
  9292 | D:9      | Killed a two-headed ogre
  9412 | D:9      | Found a hazy altar of Hepliaklqana.
  9472 | D:9      | Identified the ring "Neicvoes" {*Tele Int+2 Slay+6} (You
                  | found it on level 9 of the Dungeon)
  9506 | D:10     | Entered Level 10 of the Dungeon
  9508 | D:10     | Noticed Gastronok
  9522 | D:10     | Killed Gastronok
  9800 | D:10     | Got a warped leather armour
  9828 | D:10     | Reached skill level 10 in Armour
 10039 | D:10     | Found a radiant altar of Vehumet.
 10166 | D:10     | Found a staircase to the Lair.
 10515 | D:11     | Noticed a two-headed ogre
 10519 | D:11     | Noticed Fannar
 10520 | D:11     | Noticed a tengu warrior
 10528 | D:11     | Killed a two-headed ogre
 10534 | D:11     | Killed a tengu warrior
 10812 | D:11     | Killed Fannar
 10812 | D:11     | Reached ****** piety under Okawaru
 10819 | D:11     | Identified the +1 leather armour "Teatox" {rF- rN+ Stlth+}
                  | (You found it on level 10 of the Dungeon)
 10931 | D:11     | Noticed an unseen horror
 10936 | D:11     | Killed an unseen horror
 10936 | D:11     | Received a gift from Okawaru
 10937 | D:11     | Got a jewelled demon trident {god gift}
 10938 | D:11     | Identified the +6 demon trident "Xemmufy" {pierce, Str+2}
                  | (Okawaru gifted it to you on level 11 of the Dungeon)
 10960 | D:11     | Noticed Josephine
 10982 | D:11     | Noticed Urug
 10992 | D:11     | Killed Urug
 10998 | D:11     | Reached XP level 12. HP: 87/106 MP: 9/12
 11175 | D:11     | Reached skill level 10 in Fighting
 11322 | D:11     | Killed Josephine
 11721 | D:11     | Noticed Sonja
 11928 | D:11     | Noticed a death knight
 11935 | D:11     | Killed a death knight
 11940 | D:11     | Received a gift from Okawaru
 11947 | D:11     | Reached skill level 1 in Stealth
 12072 | D:11     | Noticed a two-headed ogre
 12078 | D:11     | Killed a two-headed ogre
 12213 | D:12     | Found a gate leading to a gauntlet.
 12218 | D:12     | Found a white marble altar of Elyvilon.
 12224 | Gauntlet | Entered a Gauntlet
 12224 | Gauntlet | Found a transporter.
 12224 | Gauntlet | Found a transporter.
 12228 | Gauntlet | Found a transporter.
 12228 | Gauntlet | Found a transporter.
 12247 | Gauntlet | Noticed a green death
 12248 | Gauntlet | Found a transporter.
 12248 | Gauntlet | Found a transporter.
 12272 | Gauntlet | Found a transporter.
 12292 | Gauntlet | Found a transporter.
 12295 | Gauntlet | Found a transporter.
 12327 | Gauntlet | Found a transporter.
 12331 | Gauntlet | Found a large runed translucent door.
 12367 | Gauntlet | Found a transporter.
 12369 | Gauntlet | Found a large runed translucent door.
 12369 | Gauntlet | Found a large runed translucent door.
 12370 | Gauntlet | Found a large runed translucent door.
 12370 | Gauntlet | Found a large runed translucent door.
 12371 | Gauntlet | Found a runed translucent door.
 12371 | Gauntlet | Found a large runed translucent door.
 12371 | Gauntlet | Found a runed translucent door.
 12371 | Gauntlet | Found a large runed translucent door.
 12371 | Gauntlet | Found a large runed translucent door.
 12372 | Gauntlet | Found a large runed translucent door.
 12372 | Gauntlet | Found a large runed translucent door.
 12375 | Gauntlet | Found a large runed translucent door.
 12375 | Gauntlet | Found a large runed translucent door.
 12377 | Gauntlet | Found a large runed translucent door.
 12377 | Gauntlet | Found a large runed translucent door.
 12377 | Gauntlet | Found a large runed translucent door.
 12379 | Gauntlet | Found a runed translucent gate.
 12379 | Gauntlet | Found a runed translucent gate.
 12379 | Gauntlet | Found a runed translucent gate.
 12380 | Gauntlet | Noticed a tengu warrior
 12381 | Gauntlet | Found a transporter.
 12392 | Gauntlet | Found a large runed translucent door.
 12472 | Gauntlet | Found a transporter.
 12473 | Gauntlet | Noticed a death scarab
 12481 | Gauntlet | Found a transporter.
 12495 | Gauntlet | Found a transporter.
 12508 | Gauntlet | Found a transporter.
 12598 | Gauntlet | Killed a death scarab
 12615 | Gauntlet | Got a slimy cloak
 12621 | Gauntlet | Identified the +2 cloak of Minor Irritation {Dex+2} (You
                  | found it in a Gauntlet)
 12698 | Gauntlet | Got a steaming trident
 12828 | Gauntlet | Identified the +3 war axe of Callousness {elec, *Corrode
                  | Int+3 Dex+4}
 12828 | Gauntlet | Noticed a minotaur
 12838 | Gauntlet | Killed a minotaur
 12957 | Gauntlet | Identified the +5 trident of the Red Skies {freeze, rF-
                  | Int+6} (You found it in a Gauntlet)
 13301 | D:12     | Noticed a six-headed hydra
 13305 | D:12     | Killed a six-headed hydra
 13305 | D:12     | Reached XP level 13. HP: 83/116 MP: 13/13
 13486 | D:12     | Reached skill level 15 in Polearms
 13956 | D:12     | Found a staircase to the Orcish Mines.
 14335 | D:13     | Received a gift from Okawaru
 14335 | D:13     | Reached skill level 5 in Dodging
 14336 | D:13     | Got a dazzling halberd {god gift}
 14752 | D:13     | Received a gift from Okawaru
 14792 | D:13     | Received a gift from Okawaru
 14956 | D:13     | Noticed Frances
 14976 | D:13     | Killed Frances
 14976 | D:13     | Reached skill level 15 in Shields
 15357 | D:14     | Reached XP level 14. HP: 98/127 MP: 14/14
 15429 | D:14     | Received a gift from Okawaru
 15430 | D:14     | Got a brightly glowing dagger {god gift}
 15662 | D:14     | Found a shadowy altar of Dithmenos.
 15975 | D:14     | Found a gate to the Vaults.
 16618 | D:15     | Entered Level 15 of the Dungeon
 16658 | D:15     | Found a frozen archway.
 16768 | IceCv    | Entered an ice cave
 16791 | IceCv    | Received a gift from Okawaru
 16794 | IceCv    | Got a pair of spiked gloves {god gift}
 16800 | IceCv    | Identified the +0 pair of gloves of Dogmatism {rElec}
                  | (Okawaru gifted it to you in an ice cave)
 17277 | IceCv    | Got a jewelled halberd
 17380 | D:15     | Found a staircase to the Depths.
 18681 | D:4      | Bought a ring of the Octopus King {rC+ AC+1 EV+1 Str+1
                  | Int+1 Dex+1} for 560 gold pieces
 18681 | D:4      | Found the ring of the Octopus King {rC+ AC+1 EV+1 Str+1
                  | Int+1 Dex+1}
 18681 | D:4      | Bought an uncursed ring of poison resistance for 240 gold
                  | pieces
 18910 | Orc:1    | Entered Level 1 of the Orcish Mines
 19034 | Orc:2    | Entered Level 2 of the Orcish Mines
 19095 | Orc:2    | Found a staircase to the Elven Halls.
 19102 | Orc:2    | Received a gift from Okawaru
 19115 | Orc:2    | Reached XP level 15. HP: 139/139 MP: 13/15
 19200 | Orc:2    | Found Aqit's General Store.
 19200 | Orc:2    | Found Puekoxiv's Jewellery Emporium.
 19214 | Orc:2    | Found Patumaele's General Store.
 19214 | Orc:2    | Found Weum's Assorted Antiques.
 19551 | Orc:2    | Bought a scroll of identify for 78 gold pieces
 19551 | Orc:2    | Bought a scroll of identify for 78 gold pieces
 19551 | Orc:2    | Bought a potion of curing for 117 gold pieces
 20427 | Elf:1    | Entered Level 1 of the Elven Halls
 20433 | Elf:1    | Received a gift from Okawaru
 20436 | Elf:1    | Got a warped scale mail {god gift}
 20620 | Elf:1    | Killed from afar by a deep elf mage

Skill      XL: |  1  2  3  4  5  6  7  8  9 10 11 12 13 14 15 |
---------------+----------------------------------------------+-----
Armour         | 4 5 6 7 8 9 10 11 12 13 | 13.2
Fighting       | 4 5 6 7 8 9 11 12 14 | 14.9
Shields        | 4 5 6 8 9 10 12 13 15 16 17 | 17.3
Polearms       | 3 4 5 6 8 10 12 14 15 16 17 | 17.1
Dodging        | 1 2 3 4 5 7 |  7.4
Invocations    | 1 2 |  2.4
Stealth        | 1 2 |  2.5

Action                   |  1- 3 |  4- 6 |  7- 9 | 10-12 | 13-15 || total
-------------------------+-------+-------+-------+-------+-------++-------
Melee: Trident           |   118 |   136 |   350 |   326 |       ||   930
       Headbutt          |    10 |    16 |    68 |    98 |   163 ||   355
       Demon trident     |       |       |       |   147 |   723 ||   870
Invok: Heroism           |       |     1 |     7 |     9 |     8 ||    25
Evoke: Wand              |       |       |       |       |     1 ||     1
  Use: Scroll            |       |     6 |       |    18 |    18 ||    42
       Potion            |       |     4 |     8 |     3 |    12 ||    27
 Stab: Invisible         |       |       |       |       |     6 ||     6
  Eat: Chunk             |     1 |    24 |    22 |    16 |    21 ||    84
       Ration            |       |       |       |       |     2 ||     2
Armor: Scale mail        |    44 |    24 |       |    12 |   148 ||   228
       Plate armour      |       |    34 |   141 |    78 |       ||   253
Dodge: Dodged            |    25 |    27 |    62 |    96 |   262 ||   472
Block: Shield            |    56 |    69 |   201 |   276 |   514 ||  1116
